 Dungeon Crawl Stone Soup version 0.31-a0-844-gdc52ec4e09 (webtiles) character file.

Game seed: 2644963312631236279

153 LeprechaunX the Changeling (level 5, -4/34 HPs)
             Began as an Octopode Shapeshifter on Sept 28, 2023.
             Slain by an orc wizard
             ... wielding a +0 dagger
              (5 damage)
             ... on level 4 of the Dungeon.
             The game lasted 00:02:25 (2132 turns).

LeprechaunX the Changeling (Octopode Shapeshifter)  Turns: 2132, Time: 00:02:26

Health: -4/34      AC:  1    Str: 15    XL:     5   Next: 35%
Magic:  5/5        EV: 13    Int: 13    God:
Gold:   237        SH:  0    Dex: 11    Spells: 4/4 levels left

rFire   . .          .
                       - Unarmed
rCold   . . .        (no shield)
rNeg    . . .        (helmet currently unavailable)
rPois   .            (no amulet)
rElec   .            (no ring)
rCorr   .            (no ring)
SInv    .            (no ring)
Will    .....        (no ring)
Stlth   ++           (no ring)
HPRegen 0.25/turn    (no ring)
MPRegen 0.09/turn    (no ring)
                     (no ring)

%: no passive effects
@: beast-form
A: beast (slay +2), almost no armour, amphibious, 8 rings, camouflage 1,
gelatinous body 1, (nimble swimmer 1), tentacles
a: Begin Untransformation


You were on level 4 of the Dungeon.
You were a hulking beast.
You visited 1 branch of the dungeon, and saw 4 of its levels.

You collected 237 gold pieces.

Inventory:

Missiles
 i - 12 javelins
Jewellery
 d - an amulet of magic regeneration
Talismans
 b - a beast talisman (active)
 c - a flux talisman
Scrolls
 e - 7 scrolls of identify {unknown}
 k - 2 scrolls of fear {unknown}
 m - a scroll of silence {unknown}
 n - a scroll of blinking {unknown}
 q - a scroll of fog {unknown}
Potions
 a - 4 potions of lignification
 f - a potion of attraction {unknown}
 g - 2 potions of degeneration {unknown}
 h - 2 potions of heal wounds {unknown}
 j - a potion of curing {unknown}
 l - a potion of might {unknown}
 o - a potion of mutation {unknown}
 p - a potion of magic {unknown}


   Skills:
 + Level 2.2 Fighting
 + Level 2.9 Dodging
 + Level 3.6 Unarmed Combat
 * Level 4.2 Shapeshifting


You had 4 spell levels left.
You didn't know any spells.
Your spell library contained the following spells:

 Spells                   Type           Power      Damage    Failure   Level
 Static Discharge         Conj/Air       0%         2-2/arc   43%         2
 Airstrike                Air            0%         2d(0-16)  97%         4
 Summon Lightning Spire   Summ/Air       0%         N/A       97%         4


Dungeon Overview and Level Annotations

Branches:
Dungeon (4/15)
 Temple: D:4-7

Altars:

Shops:
D:2 (


Innate Abilities, Weirdness & Mutations

You are a hulking beast.
Your limbs bulge with bestial killing power. (Slay +2)
You cannot wear most types of armour.
You are amphibious.
You can wear up to eight rings at the same time.
Your skin changes colour to match your surroundings (Stealth+).
Your rubbery body absorbs attacks. (AC +1, EV +1)
((You are camouflaged when in or above water. (Stealth+)))
You have tentacles for arms and can constrict up to eight enemies at once.


Message History

A hobgoblin comes into view.
The orc priest begins to cast a cantrip, but forgets the words!
You see here 7 gold pieces.
You barely miss the orc.
The orc wizard shouts!
Your grab misses the orc. The orc barely misses you.
Unknown command.
The orc wizard gestures wildly while chanting.
The orc wizard flickers and vanishes!
Deactivating autopickup; reactivate with Ctrl-A.
The orc misses you. The orc attacks as it pursues you!
The orc closely misses you. The orc attacks as it pursues you!
The orc barely misses you. The orc attacks as it pursues you!
The orc misses you. The orc attacks as it pursues you!
The orc hits you with a +0 hand axe.
You closely miss the orc. You grab the orc. You squeeze the orc!
You kill the orc!
You swing at nothing.
You miss something. Something hits you.
The orc priest mumbles some strange prayers to Beogh against you.
Beogh smites you!
* * * LOW HITPOINT WARNING * * *
You tentacle-slap something. Something hits you but does no damage.
You closely miss something. Something hits you.
* * * LOW HITPOINT WARNING * * *
The orc priest begins to cast a cantrip, but forgets the words!
You miss something. Something hits you.
* * * LOW HITPOINT WARNING * * *
The orc priest invokes the aid of Beogh against you.
You barely miss something.
Your tentacle-slap misses something.
Something hits you.
* * * LOW HITPOINT WARNING * * *
You tentacle-slap something. Something hits you.
* * * LOW HITPOINT WARNING * * *
You closely miss something. Something hits you.
* * * LOW HITPOINT WARNING * * *
You tentacle-slap something.
The orc priest mumbles some strange prayers to Beogh against you.
You closely miss something. Your squeeze misses something. Something hits you.
You die...

#####...o.?....
##.....##o###$##
##...##.#.## .#
#.#.......# .
##...##.#.##
##.....##.###.
###.###oo.....#
#...# #{###..##
#.### #h# .# #.#
#.# .# #.# #.#
####.#####..
#.......##..
#......>###.....#
#.........#...[.#
#.........#.....
#.........##...


You could see an orc priest and an orc.

Vanquished Creatures
  Natasha (thrice) (D:2)
  Terence (D:2)
  An adder (D:3)
  A worm (D:2)
  An orc (D:4)
  3 ball pythons (D:2)
  4 bats
  6 endoplasms
  2 giant cockroaches (D:3)
  4 goblins
  2 hobgoblins
  3 kobolds
  2 quokkas (D:1)
  5 frilled lizards
  2 rats
40 creatures vanquished.

Notes
Turn   | Place    | Note
-------+----------+-------------------------------------------
     0 | D:1      | LeprechaunX the Octopode Shapeshifter began the quest for
                  | the Orb.
     0 | D:1      | Reached XP level 1. HP: 13/13 MP: 1/1
   245 | D:1      | Reached XP level 2. HP: 17/18 MP: 2/2
   623 | D:2      | Noticed Terence
   628 | D:2      | Killed Terence
   629 | D:2      | Reached XP level 3. HP: 23/23 MP: 3/3
   718 | D:2      | Noticed Natasha
   728 | D:2      | Killed Natasha
   729 | D:2      | Reached XP level 4. HP: 25/29 MP: 4/4
   761 | D:2      | Found a faded altar of an unknown god.
   867 | D:2      | Noticed Natasha
   873 | D:2      | Killed Natasha
  1012 | D:2      | Found Laheod's Weapon Shop.
  1044 | D:2      | Noticed Natasha
  1049 | D:2      | Killed Natasha
  1050 | D:2      | Reached skill level 4 in Shapeshifting
  1050 | D:2      | Reached XP level 5. HP: 31/34 MP: 5/5
  2130 | D:4      | HP: 1/34 [something (4)]
  2132 | D:4      | Slain by an orc wizard

Illustrated notes

Levels and vault maps discovered:
D:1:      kennysheep_arrival_seaside, layout_rooms
D:2:      layout_rooms, serial_shops, nicolae_shop_bloodbath_and_beyond,
          chequers_ecumenical_altar_lobes, dreamdust_princess_bridge,
          minmay_distorted, uniq_natasha, uniq_terence
D:3:      layout_basic
D:4:      layout_loops_cross, minmay_temple_entry_enclosed_plants

Skill      XL: |  1  2  3  4 |
---------------+-------------+-----
Fighting       | 2 |  2.2
Shapeshifting  | 4 |  4.2
Dodging        | |  2.9
Unarmed Combat | |  3.6

Action                     |  1- 3 |  4- 6 || total
---------------------------+-------+-------++-------
  Melee: Unarmed           |    38 |    42 ||    80
         Tentacles         |    13 |     7 ||    20
         Constrict         |    11 |     5 ||    16
         Punch             |     1 |     2 ||     3
   Stab: Sleeping          |     2 |     2 ||     4
 Armour: Skin              |    17 |    18 ||    35
  Dodge: Dodged            |    14 |    19 ||    33

Table legend: (Time is in decaauts)
 A = Elapsed time spent in this place.
 B = Non-inter-level travel time spent in this place.
 C = Inter-level travel time spent in this place.
 D = Time resting spent in this place.
 E = Time spent auto-exploring this place.
 F = Levels seen in this place.
 G = Mean time per level.
                   A        B        C        D        E       F      G
               +--------+--------+--------+--------+--------+-----+--------+
         Total |   2126 |   1981 |    145 |     85 |   1602 |   4 |  531.5 |
       Dungeon |   2126 |   1981 |    145 |     85 |   1602 |   4 |  531.5 |
               +--------+--------+--------+--------+--------+-----+--------+

Top non-repeatable levels by time:
     D:3: 775 daAuts
     D:2: 694 daAuts
     D:1: 570 daAuts
     D:4: 85 daAuts
